Map: Bel'Shir Vestige LE (Void)

Players

GrafHomer

  • Race: Protoss Protoss
  • League: Diamond
  • Spawn Location: 11:00

Musumeci - Winner!

  • Race: Zerg Zerg
  • League: Diamond
  • Spawn Location: 5:00

VOD

Have the link to the VOD?

Description

Time

  • Played on: March 2, 2017, 10:17 a.m.
  • Length: 8:13
Show
View Real Time Build Order
Export as new Build Order

GrafHomer Protoss 

Build Orders: Nexus First 

Get SALT Encoding   

  12  0:01  Probe (Chrono Boost)  
  13  0:11  Probe (Chrono Boost)  
  14  0:20  Pylon  
  14  0:22  Probe (Chrono Boost)  
  15  0:38  Probe (Chrono Boost)  
  16  0:49  Probe (Chrono Boost)  
  18  1:04  Nexus  
  17  1:11  Gateway  
  17  1:16  Probe (Chrono Boost)  
  18  1:28  Forge  
  19  1:32  Probe (Chrono Boost)  
  19  1:39  Gateway  
  19  1:43  Probe (Chrono Boost)  
  20  2:02  Photon Cannon  
  20  2:03  Zealot  
  20  2:07  Photon Cannon  
  22  2:16  Pylon  
  22  2:21  Pylon  
  19  2:47  Photon Cannon  
  19  2:48  Cybernetics Core  
  19  2:49  Probe (Chrono Boost)  
  19  2:51  Probe (Chrono Boost)  
  21  3:00  Probe (Chrono Boost)  
  21  3:03  Probe (Chrono Boost)  
  23  3:07  Assimilator  
  23  3:10  Assimilator, Probe (Chrono Boost)  
  24  3:15  Probe (Chrono Boost)  
  25  3:20  Assimilator  
  25  3:21  Probe (Chrono Boost)  
  27  3:27  Probe (Chrono Boost)  
  27  3:31  Assimilator, Probe (Chrono Boost)  
  28  3:38  Probe (Chrono Boost)  
  29  3:42  Probe (Chrono Boost)  
  29  3:47  Adept  
  29  3:48  Warp Gate, Probe (Chrono Boost)  
  33  3:50  Adept  
  33  3:53  Probe (Chrono Boost)  
  36  3:57  Gateway  
  36  3:59  Probe (Chrono Boost)  
  37  4:05  Probe (Chrono Boost)  
  37  4:09  Probe (Chrono Boost)  
  39  4:15  Pylon  
  40  4:17  Probe (Chrono Boost)  
  40  4:25  Robotics Facility  
  40  4:26  Probe (Chrono Boost)  
  40  4:31  Probe (Chrono Boost)  
  42  4:37  Gateway, Probe (Chrono Boost)  
  43  4:43  Probe (Chrono Boost)  
  43  4:44  Adept x2  
  48  4:47  Probe (Chrono Boost)  
  49  4:54  Stargate  
  49  4:56  Probe (Chrono Boost)  
  49  4:58  Probe (Chrono Boost)  
  51  5:02  Gateway  
  52  5:08  Probe x2 (Chrono Boost)  
  53  5:19  Pylon  
  53  5:20  Immortal  
  52  5:23  Protoss Ground Weapons Level 1  
  48  5:38  Phoenix  
  50  5:59  Immortal  
  51  6:11  Phoenix  
  51  6:17  Adept  
  55  6:18  Zealot x3  
  55  6:24  Probe (Chrono Boost)  
  62  6:26  Pylon  
  62  6:29  Pylon  
  62  6:39  Warp Prism  
  62  6:45  Phoenix  
  66  6:50  Zealot x2  
  66  6:53  Adept  
  72  6:58  Zealot  
  76  7:10  Probe x2 (Chrono Boost)  
Show
View Real Time Build Order
Export as new Build Order

Musumeci Zerg - Winner!

Build Orders: Pool First 

Get SALT Encoding   

  12  0:19  Spawning Pool  
  11  0:26  Drone  
  11  0:27  Drone  
  13  0:31  Drone  
  14  0:38  Drone, Extractor  
  15  1:13  Overlord  
  15  1:18  Extractor x2  
  14  1:20  Hatchery  
  14  1:22  Zergling x4  
  14  1:31  Zergling x2  
  17  1:55  Hatchery  
  17  2:01  Zergling x6  
  19  2:28  Drone x2  
  21  2:31  Queen  
  20  2:46  Drone  
  20  2:47  Drone x3  
  22  3:07  Drone  
  22  3:08  Drone x3  
  26  3:13  Queen  
  28  3:21  Extractor  
  27  3:28  Zergling x2  
  27  3:33  Overlord  
  27  3:34  Overlord  
  28  3:50  Hatchery  
  28  3:53  Drone x7  
  34  4:00  Zergling x2  
  35  4:04  Zergling x2  
  35  4:09  Zergling x2  
  37  4:14  Evolution Chamber  
  37  4:16  Drone x4  
  40  4:21  Queen  
  40  4:22  Extractor  
  41  4:28  Drone x3  
  44  4:32  Overlord x2  
  44  4:38  Roach Warren  
  43  4:55  Drone x3  
  43  4:59  Extractor  
  45  5:18  Drone  
  45  5:19  Drone x11  
  56  5:38  Roach x5  
  65  5:43  Overlord x3  
  64  6:10  Drone x4  
  64  6:11  Drone x4  
  71  6:14  Extractor  
  71  6:15  Lair  
  71  6:17  Zerg Missile Weapons Level 1  
  70  6:18  Evolution Chamber  
  69  6:27  Spore Crawler  
  69  6:29  Spore Crawler  
  69  6:31  Roach x8  
  83  6:34  Spore Crawler  
  83  6:37  Spine Crawler  
  81  6:40  Spine Crawler  
  81  6:42  Spine Crawler  
  81  6:44  Roach x5  
  89  6:48  Overlord x3  
  89  7:07  Overlord x3  
  91  7:08  Roach x5  
  91  7:14  Ravager x4  
  103  7:21  Ravager  
  103  7:22  Ravager  
  105  7:31  Extractor  
  93  7:52  Roach x3  
  93  7:53  Roach x12  
Tags
 
Add a new tag
Caveats
  • Supply blocks, unpowered buildings, or Contaminate may cause inaccurate times.
  • Supply counts are checked every 10 seconds.